AoeStats
← daitoudaguo

Black Forest

510550593Analyzed
4v4 RM · 1d ago on Oct 1, 2026· 14m 49s· 8 players
Game mode
Random Map
Map size
Large (8 player)
Population
200
Speed
Normal
Resources
Standard
Victory
Conquest
Starting age
Dark Age
Ending age
Imperial Age
RankedLock teamsTeams togetherTeam positionsShared explorationLock speedFull tech treeHidden civsTurbo modeCheats
Victory
Defeat
1377
+9
🇹🇼 Cumans · Taiwan
1299
+12
🇦🇪 Franks · United Arab Emirates
1244
+14
🇹🇼 Aztecs · Taiwan
1035
+21
🇩🇪 Danes · Germany
1241
-16
🇨🇱 Slavs · Chile
1198
-14
🇮🇳 Hindustanis · India
1173
-13
🇨🇳 Dravidians · China
1167
-13
Doji
9:09 Loom
12:11 Feudal Age
16:41 Castle Age
daitoudaguo
5:35 Loom
11:13 Feudal Age
15:28 Castle Age
Darth Joker2673
0:35 Loom
12:35 Feudal Age
Shisui
11:57 Feudal Age
12:35 Loom
13:49 Loom
迪恩-伊薩卡-凡爾賽提斯
7:28 Loom
10:03 Feudal Age
10:11 Man-at-Arms
10:37 Double-Bit Axe
10:36 Horse Collar
14:12 Fletching
救不了你
1:22 Loom
13:00 Feudal Age
14:19 Double-Bit Axe
16:49 Castle Age
CilleR
0:27 Loom
11:49 Feudal Age
16:31 Castle Age
14:32 Double-Bit Axe
查理曼大帝
1:09 Loom
10:03 Feudal Age
14:10 Man-at-Arms
Connection lost

Rejoining the realm…

Still unreachable

The connection could not be restored.

Session expired

The server has moved on; the page needs a fresh start.